 Dungeon Crawl Stone Soup version 0.17-a0-1504-gb7d9117 (webtiles) character file.

705 Parakulo the Archer (level 7, -4/56 HPs)
             Began as a Centaur Hunter on July 8, 2015.
             Was an Initiate of Okawaru.
             Slain by a killer bee (7 damage)
             ... on level 4 of the Dungeon.
             The game lasted 00:16:33 (3873 turns).

Parakulo the Archer (Centaur Hunter)                Turns: 3873, Time: 00:16:33

Health: -4/56      AC:  6    Str: 14    XL:     7   Next: 39%
Magic:  7/7        EV: 14    Int: 15    God:    Okawaru [......]
Gold:   315        SH:  0    Dex: 17    Spells: 0 memorised, 6 levels left

rFire  . . .     SeeInvis .     a - +2 shortbow
rCold  . . .     Clarity  .     v - +0 leather armour {rPois}
rNeg   . . .     SustAt   .     (no shield)
rPois  +         Gourm    .     n - +0 helmet
rElec  .         Spirit   .     (no cloak)
rCorr  .         Warding  .     p - +0 pair of gloves
rMut   .         Stasis   .     (no barding)
MR     .....                    (no amulet)
Stlth  ++........               (no ring)
                                (no ring)

@: brilliant, agile, very quick, not resistant to hostile enchantments,
unstealthy
A: hooves 3, deformed body, speed 2, tough skin 3
a: Renounce Religion


You were on level 4 of the Dungeon.
You worshipped Okawaru.
Okawaru was noncommittal.
You were not hungry.

You visited 2 branches of the dungeon, and saw 6 of its levels.

You collected 315 gold pieces.

Inventory:

Hand weapons
 a - a +2 shortbow (weapon)
 c - a +0 short sword
Missiles
 b - 5 arrows (quivered)
 h - 8 javelins
 l - 19 arrows of frost
 q - 15 poisoned needles
Armour
 n - a +0 helmet (worn)
 p - a +0 pair of gloves (worn)
 v - a +0 leather armour of poison resistance (worn)
Jewellery
 j - an uncursed ring of flight
 m - an uncursed ring of ice
 t - an uncursed ring of fire
Magical devices
 s - a wand of flame (29)
 y - a wand of lightning (4)
Scrolls
 d - a scroll of recharging
 f - a scroll of amnesia {unknown}
 i - 5 scrolls of identify
 k - 2 scrolls of fear
 u - a scroll of remove curse
 C - a scroll of enchant weapon
Potions
 r - 2 potions of curing
 x - a potion of agility
 z - a potion of brilliance
 B - a potion of flight {unknown}
Books
 A - a book of Envenomations

   Spells                             Type                      Level
   a - Spider Form                    Transmutation/Poison         3
   b - Alistair's Intoxication        Transmutation/Poison         4
   c - Olgreb's Toxic Radiance        Poison                       4
   d - Poisonous Cloud                Conjuration/Poison/Air       6
Comestibles
 e - 2 bread rations
 g - a chunk of flesh
 o - 2 meat rations
 w - a beef jerky


   Skills:
 + Level 2.7 Fighting
 + Level 11.4 Bows
 - Level 1.3 Dodging
 - Level 0.5 Stealth


You had 6 spell levels left.
You didn't know any spells.

Dungeon Overview and Level Annotations

Branches:
Dungeon (5/15)             Temple (1/1) D:4

Altars:
Cheibriados
Dithmenos
Elyvilon
Kikubaaqudgha
Nemelex Xobeh
Okawaru
Qazlal
Ru
Sif Muna
Trog
Vehumet
Xom
Yredelemnul
Zin
The Shining One


Innate Abilities, Weirdness & Mutations

You have hooves in place of feet.
Armour fits poorly on your strangely shaped body.
You cover ground very quickly.
You have extremely tough skin (AC +3).


Message History

* * * LOW HITPOINT WARNING * * *
The killer bee stings you.
* * * LOW HITPOINT WARNING * * *
Firing (i - inventory. (,) - cycle):
b - 7 arrows (quivered)
Press: ? - help, Shift-Dir - straight line, f/p - killer bee
Aim: a killer bee (almost dead)
You shoot an arrow. The arrow hits the killer bee.
You kill the killer bee!
Okawaru accepts your kill.
Firing (i - inventory. (,) - cycle):
b - 6 arrows (quivered)
Press: ? - help, Shift-Dir - straight line, f - killer bee
Aim: a killer bee You shoot an arrow.
The arrow closely misses the killer bee.
A killer bee comes into view.
Drink which item? (? for menu, Esc to quit)
It was a potion of brilliance.
You feel clever all of a sudden. The killer bee stings you!
You die...

######... ###.........
###............
#..............
#..............
#..............
###...........)..
####................
#(y@................
#.(.####.............#
#y.(## ##............#
#(# ##...........# #
##..........#
##.....#...#
#.....#...#
##...##...# ######....


You could see 2 killer bees.

Vanquished Creatures
  The ghost of amnekian the Cutter, an average HuSk (D:4)
  A phantom (D:4)
  An ogre (D:4)
  2 killer bees (D:4)
  An orc priest (D:3)
  Ijyb (D:3)
  Terence (D:3)
  2 worker ants (D:4)
  Natasha (D:2)
  A centaur skeleton (D:4)
  6 adders
  An ooze (D:2)
  A worm (D:2)
  2 giant geckos
  10 orcs
  6 giant cockroaches
  6 hobgoblins
  11 kobolds
  3 quokkas (D:3)
  8 bats
  5 giant newts
  6 goblins
  4 rats
81 creatures vanquished.

Notes
Turn   | Place    | Note
--------------------------------------------------------------
     0 | D:1      | Parakulo the Centaur Hunter began the quest for the Orb.
     0 | D:1      | Reached XP level 1. HP: 17/17 MP: 1/1
   668 | D:1      | Reached XP level 2. HP: 24/24 MP: 2/2
   774 | D:2      | Reached skill level 6 in Bows
   872 | D:2      | Reached XP level 3. HP: 29/29 MP: 3/3
  1382 | D:2      | Found a white marble altar of Elyvilon.
  1425 | D:2      | Reached skill level 7 in Bows
  1557 | D:2      | Noticed Natasha
  1570 | D:2      | Killed Natasha
  1570 | D:2      | Reached XP level 4. HP: 19/36 MP: 4/4
  1899 | D:3      | Found a sparkling altar of Nemelex Xobeh.
  1913 | D:3      | Found a white marble altar of Elyvilon.
  2011 | D:3      | Noticed Ijyb
  2024 | D:3      | Killed Ijyb
  2045 | D:3      | Found a shadowy altar of Dithmenos.
  2076 | D:3      | Reached skill level 8 in Bows
  2127 | D:3      | Reached XP level 5. HP: 12/42 MP: 5/5
  2534 | D:3      | Noticed Terence
  2541 | D:3      | Killed Terence
  3048 | D:4      | Reached skill level 9 in Bows
  3123 | D:4      | Reached XP level 6. HP: 50/50 MP: 6/6
  3130 | D:4      | Noticed amnekian's ghost (average HuSk)
  3144 | D:4      | Killed amnekian's ghost
  3144 | D:4      | Reached skill level 10 in Bows
  3145 | D:4      | Found a staircase to the Ecumenical Temple.
  3228 | Temple   | Entered the Ecumenical Temple
  3291 | Temple   | Became a worshipper of Warmaster Okawaru
  3393 | D:4      | Noticed an ogre
  3398 | D:4      | Killed an ogre
  3419 | D:5      | Entered Level 5 of the Dungeon
  3525 | D:4      | Reached XP level 7. HP: 49/56 MP: 7/7
  3721 | D:4      | Reached skill level 11 in Bows
  3873 | D:4      | Slain by a killer bee

Vault maps used:
D:1:      dpeg_arrival_chambers_temple_mockup, hex_medium
D:2:      elyvilon_altar_4, uniq_natasha
D:3:      lemuel_crystal_altar, nicolae_dithmenos_shadow_blocks,
          lemuel_crystal_altar, uniq_iyjb, uniq_terence
D:4:      minmay_temple_entry_statues
D:5:      kennysheep_mini_moat, first_bread, uniq_pikel
Temple:   zaba_magenta_temple_12

Action                   |  1- 3 |  4- 6 |  7- 9 || total
-------------------------+-------+-------+-------++-------
Melee: Short sword       |    63 |     2 |       ||    65
 Fire: Shortbow          |   101 |   174 |    40 ||   315
  Use: Potion            |     3 |     1 |     4 ||     8
       Scroll            |       |     6 |       ||     6
  Eat: Chunk             |     1 |     3 |       ||     4
       Bread ration      |       |     1 |       ||     1
